Map: Lerilak Crest

Players

ShoWTimE

  • Race: Protoss Protoss
  • League: Master

Serral - Winner!

  • Race: Zerg Zerg
  • League: Grandmaster

Event: NationWars III

VOD

https://www.youtube.com/watch?v=IKf0JTYcIQ8

Description

Time

  • Played on: Dec. 12, 2015, 12:39 p.m.
  • Length: 24:09

All games in this series

Show
View Real Time Build Order
Export as new Build Order

ShoWTimE Protoss 

Build Orders: Nexus First, Oracle Opening 

Get SALT Encoding   

  12  0:01  Probe (Chrono Boost)  
  13  0:11  Probe (Chrono Boost)  
  14  0:17  Pylon  
  14  0:22  Probe (Chrono Boost)  
  16  0:35  Probe (Chrono Boost)  
  16  0:46  Probe (Chrono Boost)  
  17  1:00  Nexus  
  17  1:10  Gateway  
  17  1:14  Probe (Chrono Boost)  
  18  1:24  Assimilator  
  18  1:25  Probe (Chrono Boost)  
  19  1:28  Assimilator  
  19  1:35  Probe (Chrono Boost)  
  19  1:39  Pylon  
  20  1:46  Probe (Chrono Boost)  
  21  1:56  Probe (Chrono Boost)  
  21  1:59  Cybernetics Core  
  22  2:07  Probe (Chrono Boost)  
  23  2:12  Probe (Chrono Boost), Zealot  
  26  2:17  Probe (Chrono Boost)  
  27  2:23  Probe (Chrono Boost)  
  27  2:28  Probe (Chrono Boost)  
  29  2:33  Probe (Chrono Boost)  
  29  2:36  Stargate  
  30  2:39  Probe (Chrono Boost), Adept (Chrono Boost)  
  30  2:41  Warp Gate  
  33  2:44  Probe (Chrono Boost)  
  33  2:48  Pylon  
  33  2:51  Probe (Chrono Boost)  
  35  2:53  Probe  
  36  3:03  Probe  
  36  3:04  Mothership Core  
  37  3:07  Adept (Chrono Boost)  
  41  3:15  Probe  
  42  3:20  Pylon  
  42  3:22  Oracle (Chrono Boost)  
  46  3:27  Probe, Pylon  
  46  3:36  Probe  
  46  3:39  Probe  
  46  3:40  Adept  
  50  3:47  Probe  
  50  3:51  Probe  
  52  3:57  Probe  
  52  3:58  Nexus  
  52  3:59  Pylon  
  53  4:03  Probe  
  53  4:08  Probe  
  59  4:10  Void Ray (Chrono Boost)  
  59  4:15  Probe  
  60  4:18  Probe  
  61  4:27  Probe  
  62  4:31  Gateway  
  62  4:32  Gateway  
  62  4:35  Probe  
  62  4:37  Pylon  
  62  4:38  Forge  
  63  4:39  Probe  
  63  4:44  Assimilator  
  63  4:45  Probe  
  64  4:48  Twilight Council, Assimilator  
  64  4:52  Probe  
  66  4:56  Probe  
  67  5:00  Protoss Ground Weapons Level 1  
  67  5:02  Sentry  
  67  5:04  Probe  
  67  5:06  Probe  
  71  5:15  Photon Cannon  
  71  5:16  Probe  
  71  5:17  Probe, Pylon, Gateway  
  71  5:19  Probe, Gateway  
  74  5:27  Probe  
  74  5:28  Probe  
  75  5:29  Probe  
  75  5:35  Resonating Glaives (Chrono Boost)  
  75  5:36  Adept x2  
  75  5:39  Probe  
  75  5:40  Probe x2  
  82  5:47  Robotics Facility  
  82  5:50  Probe  
  82  5:52  Probe x2  
  82  5:54  Gateway  
  85  5:58  Adept  
  85  6:00  Sentry x2  
  85  6:01  Probe  
  85  6:04  Probe x2  
  93  6:07  Pylon  
  93  6:09  Pylon  
  94  6:12  Probe  
  94  6:14  Assimilator x2  
  94  6:16  Probe x2  
  97  6:18  Adept x2  
  101  6:28  Adept, Pylon  
  101  6:32  Adept x2  
  107  6:37  Warp Prism (Chrono Boost)  
  107  6:39  Robotics Bay  
  109  6:43  Robotics Facility  
  109  6:44  Adept  
  109  6:45  Adept, Pylon  
  113  6:53  Adept x4, Protoss Ground Weapons Level 2  
  121  6:54  Blink  
  121  7:10  Observer (Chrono Boost)  
  121  7:12  Nexus  
  121  7:14  Pylon  
  122  7:19  Stalker  
  122  7:20  Stalker x2  
  128  7:28  Disruptor (Chrono Boost)  
  134  7:37  Disruptor (Chrono Boost)  
  134  7:39  Adept  
  134  7:40  Adept x2  
  140  7:49  Pylon  
  140  7:50  Pylon  
  135  7:52  Pylon  
  133  8:04  Disruptor (Chrono Boost)  
  132  8:08  Pylon  
  132  8:10  Adept x3, Pylon  
  132  8:11  Adept x2  
  145  8:16  Disruptor (Chrono Boost)  
  145  8:17  Probe  
  141  8:37  Adept x4  
  141  8:38  Adept x2  
  153  8:42  Probe  
  153  8:43  Probe  
  155  8:52  Photon Cannon x2  
  155  8:54  Disruptor (Chrono Boost)  
  155  8:55  Photon Cannon  
  158  8:57  Pylon  
  158  8:59  Nexus  
  158  9:00  Adept x2  
  158  9:01  Adept  
  158  9:02  Adept, Pylon  
  166  9:13  Sentry, Pylon  
  166  9:14  Sentry  
  170  9:18  Gateway  
  170  9:19  Gateway  
  170  9:20  Gateway  
  170  9:22  Gateway  
  170  9:24  Stalker x4  
  174  9:30  Observer (Chrono Boost)  
  175  9:33  Photon Cannon  
  175  9:35  Gateway x2  
  171  9:40  Photon Cannon  
  169  9:45  Adept  
  169  9:46  Adept  
  169  9:48  Stalker x2, Adept  
  179  10:03  Nexus  
  179  10:04  Pylon  
  183  10:08  Immortal (Chrono Boost)  
  183  10:13  Immortal (Chrono Boost)  
  187  10:15  Stalker x3  
  191  10:30  Adept x2  
  191  10:31  Adept  
  197  10:37  Pylon  
  197  10:42  Adept x2  
  197  10:43  Adept  
  197  10:56  Fleet Beacon  
  197  10:57  Stargate  
  197  10:58  Stalker  
  197  11:02  Nexus  
  196  11:14  Adept  
  196  11:15  Adept x3  
  194  11:25  Adept  
  194  11:26  Adept x3  
  184  11:37  Observer (Chrono Boost)  
  173  11:46  Disruptor (Chrono Boost)  
  168  11:48  Anion Pulse-Crystals (Chrono Boost)  
  157  11:59  Stalker x3  
  157  12:00  Stalker x4  
  161  12:08  Photon Cannon  
  161  12:12  Mothership Core, Assimilator  
  163  12:16  Immortal (Chrono Boost), Assimilator  
  163  12:20  Immortal (Chrono Boost), Adept x3  
  163  12:21  Adept  
  179  12:27  Phoenix  
  179  12:28  Phoenix  
  183  12:41  Zealot  
  183  12:42  Adept x2  
  179  12:48  Adept x2  
  179  12:49  Phoenix  
  181  12:55  Probe x3  
  176  13:01  Immortal  
  180  13:12  Protoss Ground Weapons Level 3 (Chrono Boost)  
  180  13:22  Immortal (Chrono Boost)  
  184  13:31  Zealot x2  
  185  13:35  Zealot  
  185  13:37  Immortal (Chrono Boost)  
  185  13:41  Zealot  
  163  13:56  Probe  
  163  13:58  Probe x2  
  163  14:02  Templar Archives  
  164  14:16  Immortal  
  168  14:21  Immortal  
  166  14:30  Pylon  
  154  14:55  Immortal  
  154  14:57  Immortal  
  161  15:20  High Templar x2  
  161  15:21  High Templar x3  
  169  15:22  High Templar  
  169  15:27  Archon x2  
  172  15:28  Archon  
  172  15:34  Observer  
  173  15:36  High Templar x3  
  173  15:37  High Templar  
  173  15:42  Adept x2  
  183  15:45  Archon  
  180  15:53  Adept x3  
  180  15:54  Adept, Zealot  
  180  15:55  Zealot  
  182  16:10  Zealot x3  
  184  16:11  Zealot  
  175  16:30  High Templar x4  
  175  16:31  High Templar x2  
  187  16:35  Archon x3  
  187  16:36  Archon  
  187  16:46  Adept  
  189  16:55  Adept x2  
  189  16:56  Adept, Nexus  
  186  17:28  Zealot x2  
  188  17:30  Nexus  
  188  17:32  Protoss Ground Armor Level 1 (Chrono Boost)  
  187  17:47  Adept x4  
  187  17:48  Adept  
  195  18:12  High Templar x2  
  197  18:14  Mothership Core  
  195  18:57  Nexus  
  193  19:04  Dark Shrine  
  193  19:05  Pylon  
  193  19:07  Zealot x3  
  192  19:38  Zealot x4  
  179  19:48  Phoenix x2  
  183  19:54  High Templar x3  
  183  19:55  High Templar  
  183  19:58  Archon  
  183  19:59  Archon  
  190  20:22  Disruptor  
  190  20:27  Disruptor  
  193  20:42  Zealot  
  193  20:57  Dark Templar  
  193  20:58  Dark Templar  
  193  21:01  Dark Templar x2  
  192  21:06  Dark Templar  
  145  21:36  Probe  
  140  21:57  Archon x2  
  137  23:30  Observer  
Show
View Real Time Build Order
Export as new Build Order

Serral Zerg - Winner!

Build Orders: Hatch First, Lurkers 

Get SALT Encoding   

  12  0:01  Drone  
  13  0:12  Overlord  
  13  0:17  Drone  
  14  0:30  Drone  
  14  0:31  Drone  
  14  0:35  Drone  
  17  0:53  Hatchery  
  17  0:56  Drone  
  17  1:09  Spawning Pool  
  17  1:11  Drone  
  17  1:16  Drone  
  18  1:42  Drone  
  18  1:43  Drone  
  20  1:57  Hatchery  
  20  1:58  Zergling x2, Queen  
  22  2:04  Queen  
  24  2:13  Zergling x2  
  24  2:14  Overlord  
  25  2:18  Drone  
  25  2:20  Drone  
  27  2:23  Drone  
  28  2:34  Drone x2  
  30  2:40  Queen  
  30  2:42  Overlord  
  32  2:45  Drone  
  32  2:47  Drone  
  32  2:48  Drone  
  35  2:58  Drone  
  36  3:03  Extractor  
  35  3:08  Zergling x4  
  35  3:12  Queen  
  38  3:13  Overlord  
  38  3:17  Drone x2  
  38  3:18  Drone x2  
  42  3:20  Drone x2  
  42  3:21  Extractor  
  42  3:26  Drone  
  44  3:32  Drone  
  44  3:33  Drone  
  46  3:36  Roach Warren  
  46  3:37  Drone  
  46  3:41  Overlord  
  46  3:47  Drone  
  46  3:48  Drone x3  
  50  3:50  Drone  
  50  3:52  Drone  
  51  3:56  Zergling x2  
  51  3:57  Metabolic Boost  
  52  4:03  Spore Crawler, Drone  
  52  4:05  Drone  
  52  4:08  Zergling x4  
  55  4:15  Drone x3  
  58  4:20  Spore Crawler  
  58  4:22  Spore Crawler  
  53  4:25  Drone x3  
  53  4:27  Drone  
  53  4:31  Spore Crawler  
  56  4:33  Drone x3  
  56  4:36  Drone  
  60  4:40  Drone x2  
  62  4:47  Drone x2  
  62  4:48  Evolution Chamber  
  62  4:49  Evolution Chamber  
  62  4:54  Drone x3  
  62  4:55  Overlord  
  62  4:57  Overlord  
  65  5:07  Lair  
  65  5:10  Extractor x2  
  65  5:13  Overlord x2  
  63  5:15  Zerg Melee Weapons Level 1  
  63  5:16  Zerg Ground Armor Level 1  
  63  5:17  Drone x2  
  63  5:19  Drone x2  
  63  5:21  Drone  
  68  5:23  Drone x2  
  68  5:26  Drone  
  68  5:27  Drone x2  
  72  5:31  Drone  
  72  5:34  Drone x2  
  72  5:35  Drone, Extractor x2  
  75  5:38  Drone x4  
  78  5:43  Overlord  
  78  5:44  Drone  
  78  5:45  Drone  
  79  5:54  Drone  
  79  5:55  Drone  
  79  5:56  Roach  
  79  5:57  Roach x2  
  86  6:03  Roach x4  
  94  6:10  Overlord  
  94  6:11  Spine Crawler, Hydralisk Den  
  93  6:12  Spine Crawler  
  93  6:18  Overseer  
  91  6:19  Pneumatized Carapace  
  91  6:21  Zergling x14  
  98  6:34  Overlord x4  
  98  6:39  Lurker Den  
  98  6:43  Hatchery  
  97  6:51  Zergling x18  
  105  6:57  Roach x2  
  105  7:00  Drone  
  109  7:04  Drone  
  109  7:07  Spore Crawler  
  105  7:10  Hydralisk x3  
  105  7:11  Hydralisk  
  105  7:13  Spore Crawler  
  105  7:14  Spine Crawler, Hydralisk  
  114  7:18  Zergling x12  
  120  7:25  Zerg Ground Armor Level 2, Zerg Melee Weapons Level 2  
  120  7:29  Drone x3  
  122  7:46  Hydralisk  
  122  7:47  Hydralisk x4  
  122  7:50  Overlord  
  122  7:51  Overlord  
  126  7:59  Drone x2  
  126  8:00  Drone x2  
  129  8:08  Queen  
  129  8:11  Overlord  
  131  8:15  Lurker x2  
  131  8:18  Hydralisk x4  
  141  8:21  Roach x2, Zergling x8  
  141  8:22  Zergling x4  
  141  8:23  Overlord  
  149  8:31  Drone x5  
  149  8:32  Drone x2  
  156  8:36  Drone  
  156  8:37  Lurker x4  
  156  8:38  Drone  
  157  8:43  Drone x3  
  158  8:51  Infestation Pit, Extractor  
  158  8:52  Spore Crawler, Extractor  
  158  8:54  Lurker x2  
  155  8:56  Glial Reconstitution  
  155  9:04  Drone x2  
  155  9:05  Drone  
  155  9:06  Zergling x18  
  167  9:17  Overlord x2  
  164  9:28  Hive, Zergling x10  
  167  9:35  Spine Crawler  
  167  9:37  Spine Crawler  
  165  9:39  Queen  
  165  9:40  Drone x2  
  148  9:49  Lurker x5  
  148  9:51  Zergling x30  
  160  10:02  Hydralisk x4  
  163  10:10  Spore Crawler  
  163  10:11  Spore Crawler x2  
  160  10:16  Zergling x16  
  160  10:17  Zergling x12  
  174  10:32  Zergling x10  
  174  10:41  Adrenal Glands  
  174  10:42  Zerg Ground Armor Level 3, Zerg Melee Weapons Level 3  
  168  10:45  Ultralisk Cavern  
  168  10:48  Drone x4  
  163  10:57  Hatchery  
  163  11:00  Zergling x2  
  163  11:01  Zergling x22  
  167  11:13  Spore Crawler  
  162  11:21  Lurker x3  
  162  11:24  Hydralisk x9  
  143  11:43  Zergling x2  
  143  11:44  Zergling x28  
  125  12:03  Drone x5  
  125  12:04  Lurker x4  
  131  12:12  Drone x3, Queen  
  136  12:15  Queen  
  138  12:23  Hydralisk x2  
  138  12:24  Hydralisk x3  
  138  12:25  Zergling x2  
  138  12:26  Zergling x4  
  150  12:39  Hatchery  
  146  12:44  Zergling x6  
  146  12:45  Zergling x8  
  140  13:01  Lurker  
  140  13:03  Lurker x2  
  140  13:05  Ultralisk x3  
  152  13:15  Infestor x3  
  158  13:24  Lurker x2  
  160  13:27  Chitinous Plating  
  160  13:38  Zergling x12  
  166  13:45  Overlord  
  159  13:50  Overlord x2  
  158  13:57  Zergling x22  
  158  13:58  Zergling x4  
  171  14:06  Zerg Missile Weapons Level 1  
  171  14:09  Zergling x12  
  177  14:23  Zergling x20  
  186  14:26  Spine Crawler  
  182  14:33  Viper x2  
  182  14:34  Viper  
  190  14:43  Zergling x2  
  190  14:44  Zergling x12  
  191  15:01  Overseer  
  186  15:21  Extractor  
  186  15:22  Extractor  
  186  15:23  Drone x2  
  186  15:26  Zergling x2  
  186  15:27  Zergling x20  
  197  15:35  Zergling x8  
  197  15:37  Hatchery  
  194  15:57  Overlord x2  
  187  16:21  Overlord  
  187  16:23  Spine Crawler  
  184  16:29  Spire  
  184  16:30  Muscular Augments  
  183  16:36  Drone x2  
  183  16:37  Drone x2  
  183  16:39  Spore Crawler  
  186  16:40  Spore Crawler  
  186  16:41  Spore Crawler  
  186  16:42  Spore Crawler  
  186  16:44  Zergling x32  
  185  17:11  Burrow  
  178  17:35  Ultralisk x3  
  178  17:36  Ultralisk  
  194  17:40  Zergling x6  
  194  17:41  Zergling x10  
  196  17:56  Corruptor x3  
  200  18:05  Spore Crawler  
  197  18:06  Spore Crawler  
  193  18:16  Corruptor  
  193  18:17  Corruptor x3  
  193  18:31  Greater Spire  
  191  18:35  Hatchery  
  191  18:37  Zergling x20  
  191  19:01  Drone x7  
  195  19:12  Overseer x2  
  195  19:15  Overlord  
  194  19:25  Zergling x2  
  194  19:26  Zergling x8  
  176  19:49  Hatchery  
  175  19:56  Brood Lord x7  
  186  20:02  Zergling x18  
  186  20:03  Zergling x14  
  192  20:29  Zergling x16  
  186  20:59  Zergling x2  
  186  21:00  Zergling x26  
  181  21:33  Spore Crawler, Drone x2  
  176  21:41  Infestor x3  
  176  21:49  Zergling x2  
  176  21:50  Zergling x22  
  188  21:57  Extractor  
  187  22:01  Zerg Flyer Weapons Level 1  
  187  22:08  Hatchery  
  185  22:24  Corruptor  
  185  22:25  Corruptor x6  
  193  22:50  Ultralisk  
  191  22:53  Zergling x4  
  191  22:54  Zergling x12  
  198  23:03  Drone x2  
  198  23:04  Drone  
  198  23:05  Spore Crawler x2  
  162  23:46  Hatchery  
  114  23:50  Zergling x36  
  114  23:51  Zergling x6  
Tags
 
Add a new tag
Caveats
  • Supply blocks, unpowered buildings, or Contaminate may cause inaccurate times.
  • Supply counts are checked every 10 seconds.